 Dungeon Crawl Stone Soup version 0.20.0-8-g6b59dc7 (webtiles) character file.

283543 Hasart the Severer (level 21, -10/170 HPs)
             Began as a Formicid Fighter on June 2, 2017.
             Was the Champion of Okawaru.
             Killed from afar by a shadow dragon (illusionary) (40 damage)
             ... with a bolt of negative energy
             ... on level 2 of the Depths.
             The game lasted 02:03:54 (42075 turns).

Hasart the Severer (Formicid Fighter)              Turns: 42075, Time: 02:03:54

Health: -10/170    AC: 34    Str: 32    XL:     21   Next: 87%
Magic:  0/27       EV: 12    Int: 16    God:    Okawaru [******]
Gold:   2194       SH: 26    Dex: 10    Spells: 24/25 levels left

rFire    + . .     SeeInvis +   X - +7 executioner's axe (vamp)
rCold    . . .     Gourm    .   S - +0 large shield
rNeg     . . .     Faith    .   M - +11 plate armour of Shadows and Fog {rPois Int+4}
rPois    +         Spirit   +   (helmet unavailable)
rElec    .         Reflect  +   j - scarf {Spirit}
rCorr    .         Harm     .   z - +2 pair of gloves {Str+3}
MR       ++...                  H - +1 pair of boots
Stlth    ..........             l - +4 amulet of reflection
Regen    0.4/turn               A - ring of poison resistance
MPRegen  0.2/turn               w - +3 ring of slaying

@: heroism, very heavily drained
A: permanent stasis, dig shafts and tunnels, four strong arms, antennae 3,
hooves 1, fire resistance 1, low mp 1, sense surroundings 1, strong 1
}: 1/15 runes: serpentine
a: Dig, Shaft Self, Heroism, Finesse, Renounce Religion


You were on level 2 of the Depths.
You worshipped Okawaru.
Okawaru was exalted by your worship.
You were not hungry.

You visited 7 branches of the dungeon, and saw 35 of its levels.
You visited the Abyss 2 times.

You collected 3568 gold pieces.
You spent 1374 gold pieces at shops.

Inventory:

Hand Weapons
 r - the +7 battleaxe "Noillu" {chop, +Inv rF+ Stlth-}
   (Okawaru gifted it to you on level 2 of the Lair of Beasts)

   It inflicts extra damage upon your enemies.
   It protects you from fire.
   It lets you turn invisible.
   It makes you less stealthy.
 y - a +2 eveningstar of draining
 I - a +3 demon whip of electrocution
 X - a +7 vampiric executioner's axe (weapon)
 Z - a +1 dire flail of holy wrath
Missiles
 P - 8 steel javelins (quivered)
Armour
 j - a scarf of spirit shield (worn)
 s - the +4 ring mail "Cod Lazi" {+Blink rElec Str+3}
   (You found it on level 2 of the Lair of Beasts)

   It affects your strength (+3).
   It insulates you from electricity.
   It lets you blink.
 v - the scarf of Analysis {Str+3}
   (Okawaru gifted it to you on level 3 of the Elven Halls)

   It affects your strength (+3).
 z - a +2 pair of gloves of strength (worn)
 H - a +1 pair of boots (worn)
 K - a +0 crystal plate armour
 M - the +11 plate armour of Shadows and Fog (worn) {rPois Int+4}
   (Okawaru gifted it to you on level 1 of the Depths)

   It affects your intelligence (+4).
   It protects you from poison.
 S - a +0 large shield (worn)
Jewellery
 l - a +4 amulet of reflection (around neck)
 w - a +3 ring of slaying (right hand)
 A - a ring of poison resistance (left hand)
 J - an uncursed ring of protection from fire
Wands
 k - a wand of disintegration (14/24)
 n - a wand of iceblast (0/15)
 o - a wand of scattershot (3/9)
 t - a wand of paralysis (10/24)
 D - a wand of iceblast (7/15)
 G - a wand of digging (14/24)
 N - a wand of clouds (6/9)
 Q - a wand of acid (10/15)
 W - a wand of scattershot (7/9)
 Y - a wand of lightning (3/15)
Scrolls
 b - 7 scrolls of magic mapping
 c - 3 scrolls of amnesia
 e - 8 scrolls of remove curse
 g - 32 scrolls of identify
 h - 3 scrolls of fear
 E - a scroll of recharging
 T - 2 scrolls of summoning
 U - a scroll of brand weapon
Potions
 d - 2 potions of might
 m - 3 potions of ambrosia
 p - 5 potions of mutation
 u - a potion of flight
 x - 4 potions of curing
 B - 4 potions of brilliance
 O - 2 potions of resistance
 R - 2 potions of cancellation
 V - a potion of heal wounds
Books
 F - a book of Flames

   Spells                             Type                      Level
   a - Flame Tongue                   Conjuration/Fire             1
   b - Throw Flame                    Conjuration/Fire             2
   c - Conjure Flame                  Conjuration/Fire             3
   d - Inner Flame                    Hexes/Fire                   3
   e - Sticky Flame                   Conjuration/Fire             4
   f - Fireball                       Conjuration/Fire             5
Miscellaneous
 a - a fan of gales
 i - a box of beasts
 C - a lamp of fire
 L - 3 phantom mirrors
Comestibles
 f - 6 bread rations
 q - 3 royal jellies


   Skills:
 + Level 15.9(14.5) Fighting
 - Level 19.6(17.7) Axes
 * Level 1.4(12.2) Maces & Flails
 + Level 16.3(14.8) Armour
 + Level 8.8(8.3) Dodging
 + Level 17.5(15.9) Shields
 + Level 2.5(0.0) Spellcasting
 + Level 2.5(0.0) Translocations
 - Level 10.0(5.0) Invocations
 - Level 13.0(7.6) Evocations


You had 24 spell levels left.
You knew the following spells:

 Your Spells              Type           Power        Failure   Level  Hunger
a - Apportation           Tloc           #.....       77%         1    ##.....


Dungeon Overview and Level Annotations

Branches:
Dungeon (15/15) Temple (0/1) D:5 Lair (6/6) D:8 Shoals (2/4) Lair:3 Snake (4/4) Lair:4 Slime (0/5) Lair:5 Orc (2/2) D:10 Elf (3/3) Orc:2 Vaults (0/5) D:13 D:14 Depths (3/5) D:15

Altars:
Hepliaklqana
Makhleb
Okawaru
Sif Muna
Uskayaw
Vehumet
Yredelemnul
The Shining One

Shops:
D:4 !   D:6 [   D:7 [*}[   D:10 *   D:15 [   Orc:1 (   Orc:2 (=*=   Elf:3 *
Snake:3 *   Snake:4 =   Depths:1 ?

Portals:
Hell: Depths:1
Ziggurat: Depths:1

Annotations:
Lair:5 exclusion: 4 oklob plants


Innate Abilities, Weirdness & Mutations

You cannot be hasted, slowed, berserked, paralysed or teleported.
You can dig through walls and to a lower floor.
Your four strong arms can wield two-handed weapons with a shield.
You have a pair of large antennae on your head. (SInv)
You have large cloven feet.
Your flesh is heat resistant. (rF+)
Your magical capacity is low. (-10% MP)
You passively map a small area around you.
Your muscles are strong. (Str +2)


Message History

The shadow dragon completely resists.
The shadow dragon bites you but does no damage.
The shadow dragon claws you but does no damage. x2
The shadow dragon bites you but does no damage.
You block the shadow dragon's attack. x2
Unknown command.
You don't have enough magic at the moment.
Unknown command.
You slice the shadow dragon!!
The shadow dragon is heavily wounded.
You slice the shadow dragon!! You completely miss the shadow dragon.
You slash the shadow dragon!
The rakshasa weaves an illusion.
The shadow dragon shimmers and seems to become two!
You block the shadow dragon's attack. x3; The shadow dragon bites you.
* * * LOW HITPOINT WARNING * * *
The shadow dragon closely misses you. You block the shadow dragon's attack.
The shadow dragon breathes negative energy at you.
The bolt of negative energy hits you!
You feel drained.
You die...

.#######....###.........≈≈≈≈...≈≈
≈......######.....≈...........≈≈.
≈≈≈≈≈≈≈≈.........≈≈≈≈.......≈≈≈≈≈
≈≈≈≈≈≈≈≈≈≈≈≈≈≈≈.≈≈≈....≈≈≈≈≈≈≈≈≈≈
(.(....≈≈≈≈≈≈≈≈≈≈≈≈≈≈≈≈≈≈≈≈≈≈≈...
...8(8......≈≈≈≈≈.#≈≈..........##
####'###########R################
...............÷D........(.......
.........[.....D@................
.........[....DDD.....).....)....
#############'##################.
, , , ,$.. ,, , , #. ....., ,{
,#. , {, (...... ,,, ,{ {{ ,#. ,
.......,, , , ,, ,#. * **######.*
, #. , , .# , ,,#.


You could see 5 shadow dragons and a rakshasa.

Vanquished Creatures
  Mara (Depths:1)
  2 juggernauts
  An iron giant (shapeshifter) (Depths:2)
  A tentacled monstrosity (Depths:2)
  Rupert (Orc:2)
  A deep elf blademaster (Elf:2)
  A lich (Depths:2)
  A tentacled starspawn (Abyss:3)
  A shadow dragon (Depths:2)
  A tengu reaver (Depths:1)
  3 sphinxes
  Kirke (Lair:6)
  A frost giant (Depths:2)
  4 fire giants
  4 nagarajas (Snake:4)
  3 deep elf sorcerers
  Aizul (Snake:3)
  A deep elf elementalist (Elf:3)
  An orc warlord (Orc:2)
  5 stone giants
  5 very ugly things (Depths:1)
  The ghost of tof the Tortoise, a journeyman MiGl of Okawaru (Orc:2)
  A deep elf demonologist (Elf:3)
  2 vampire knights (Depths:2)
  Nessos (D:14)
  A dire elephant (Lair:6)
  2 deep elf annihilators
  A spark wasp (Depths:2)
  6 ettins
  A deep elf death mage (Depths:1)
  Josephine (D:10)
  A fire dragon (Depths:2)
  4 ice dragons
  2 yaktaur captains (Depths:1)
  The ghost of barbarian the Blocker, a journeyman MiFi of Qazlal (D:11)
  3 merfolk impalers
  7 hydras
  Fannar (Lair:3)
  A rakshasa (Depths:2)
  2 catoblepae
  Erolcha (D:10)
  10 naga warriors
  9 centaur warriors
  20 two-headed ogres
  23 dancing weapons
  7 anacondas
  4 ogre magi
  7 death yaks
  An orc high priest (Elf:2)
  A deep troll earth mage (Depths:2)
  9 tengu warriors
  A deep troll shaman (Depths:2)
  11 naga sharpshooters
  5 shock serpents
  Urug (D:11)
  Nergalle (Lair:4)
  A thrashing horror (Abyss:2)
  2 vampire magi (Depths:1)
  A hell knight (Depths:2)
  9 deep elf knights
  A sun demon (Snake:4)
  A titan skeleton (Depths:1)
  An iron troll (Depths:2)
  4 unseen horrors
  3 deep trolls
  The ghost of Hasart the Cudgeler, a novice OpFi of Gozag (D:8)
  2 glowing orange brains
  13 sea snakes
  An unseen horror (shapeshifter) (D:13)
  5 wizards
  An orange crystal statue (Shoals:1)
  7 deep elf archers
  2 naga ritualists
  4 harpies (Shoals:1)
  A mana viper (shapeshifter) (D:15)
  74 deep elf magi
  A necromancer (Depths:1)
  An orc knight (D:14)
  4 orc sorcerers
  3 lindwurms (Lair:6)
  6 cyclopes
  18 ugly things
  8 mana vipers
  3 oklob plants
  5 fauns (Shoals:1)
  A fire giant zombie (Depths:1)
  A stone giant zombie (Depths:1)
  2 worldbinders (Abyss:3)
  8 elephants (Lair:6)
  5 manticores
  6 torpor snails (Lair:6)
  A salamander (Snake:2)
  2 water nymphs (Shoals:1)
  9 guardian serpents (Snake:4)
  2 centaur zombies
  10 naga magi
  6 merfolk sirens (Shoals:1)
  22 black mambas
  2 gargoyles
  An orange demon (Abyss:3)
  16 spiny frogs
  2 rime drakes (Lair:6)
  A komodo dragon (shapeshifter) (Depths:1)
  A hellion (Abyss:3)
  9 komodo dragons
  13 yaktaurs
  An efreet (D:15)
  A tengu conjurer (Depths:2)
  9 polar bears
  2 ancient zymes (Abyss:3)
  A queen bee (Depths:2)
  4 tyrant leeches (Lair:6)
  9 merfolk
  13 trolls
  9 hornets
  22 blink frogs
  9 slime creatures
  6 dream sheep
  A meliai zombie (D:12)
  A hippogriff (shapeshifter) (Depths:1)
  A snapping turtle (Shoals:2)
  12 hippogriffs
  2 spriggans (Lair:2)
  A vampire (D:14)
  14 water elementals
  3 fire elementals
  A yak (shapeshifter) (D:15)
  3 hogs (Lair:6)
  51 yaks
  2 air elementals (Elf:2)
  5 wraiths
  3 basilisks
  7 wyverns
  2 humans (shapeshifter)
  15 humans
  A fire bat (shapeshifter) (D:15)
  6 vampire mosquitoes
  2 hungry ghosts
  A large abomination (Abyss:3)
  Edmund (D:4)
  39 nagas
  A warg (Orc:1)
  An acid dragon (D:13)
  10 water moccasins
  10 orc warriors
  7 porcupines
  7 sky beasts
  2 hornet zombies
  4 ice beasts
  2 phantoms
  2 black bears
  3 eyes of draining
  4 boggarts
  29 ogres
  13 wolves
  9 crocodiles
  21 centaurs
  A big kobold (D:9)
  21 bullfrogs
  3 earth elementals
  2 scorpions
  22 killer bees
  8 wights
  4 howler monkeys
  7 crimson imps
  3 starcursed masses (Abyss:3)
  5 hounds
  9 orc priests
  2 bullfrog zombies
  6 jellies
  8 orc wizards
  3 centaur skeletons
  2 bullfrog skeletons
  A human skeleton (Abyss:3)
  8 iguanas
  10 worker ants
  A killer bee zombie (D:3)
  2 hound zombies
  A hound skeleton (D:11)
  2 worker ant zombies
  A howler monkey zombie (D:10)
  A howler monkey skeleton (D:4)
  10 adders
  7 shadow imps
  An ufetubus (Depths:2)
  An ooze (D:3)
  An adder zombie (D:9)
  2 adder skeletons
  A worm (D:4)
  A dart slug (D:1)
  7 leopard geckos
  49 orcs
  3 ball pythons
  7 giant cockroaches
  8 goblins
  9 hobgoblins
  10 jackals
  11 kobolds
  9 quokkas
  A ball python zombie (D:5)
  4 bats
  3 frilled lizards
  2 quokka skeletons (D:5)
  2 quokka zombies
  5 rats
  4 bushes (D:15)
  2 crawling corpses (Depths:1)
  2 fungi
  24 plants
  2 starspawn tentacles (Abyss:3)
1199 creatures vanquished.

Vanquished Creatures (others)
  A stone giant (Depths:1)
  A merfolk javelineer (Depths:2)
  A centaur warrior (Depths:2)
  A deep elf knight (Elf:2)
  2 deep elf archers (Elf:1)
  3 deep elf magi
  2 yaktaurs
  A boggart (Depths:1)
  7 bushes (D:15)
  11 fungi
  24 plants
  4 starspawn tentacles
58 creatures vanquished.

Grand Total: 1257 creatures vanquished

Notes
Turn   | Place    | Note
-------+----------+-------------------------------------------
     0 | D:1      | Hasart the Formicid Fighter began the quest for the Orb.
     0 | D:1      | Reached XP level 1. HP: 18/18 MP: 1/1
    48 | D:1      | Reached XP level 2. HP: 24/24 MP: 2/2
   165 | D:1      | Reached XP level 3. HP: 29/29 MP: 3/3
   696 | D:2      | Reached skill level 3 in Axes
   725 | D:2      | Reached XP level 4. HP: 36/37 MP: 4/4
  2020 | D:3      | Reached XP level 5. HP: 22/42 MP: 1/5
  2399 | D:4      | Reached skill level 1 in Evocations
  2419 | D:4      | Noticed Edmund
  2459 | D:4      | Killed Edmund
  2459 | D:4      | Reached skill level 4 in Axes
  2459 | D:4      | Reached skill level 5 in Shields
  2459 | D:4      | Reached XP level 6. HP: 11/48 MP: 2/7
  2784 | D:4      | Reached XP level 7. HP: 43/55 MP: 6/8
  2826 | D:4      | Found Ricium's Distillery.
  2833 | D:4      | Bought a potion of curing for 42 gold pieces
  3132 | D:5      | Entered Level 5 of the Dungeon
  3211 | D:5      | Noticed a hippogriff
  3223 | D:5      | Killed a hippogriff
  3223 | D:5      | Reached skill level 5 in Axes
  3223 | D:5      | Reached XP level 8. HP: 32/61 MP: 6/10
  3235 | D:5      | Reached skill level 5 in Fighting
  3407 | D:5      | Reached skill level 5 in Armour
  3646 | D:5      | Found an iron altar of Okawaru.
  3662 | D:5      | Became a worshipper of Warmaster Okawaru
  3830 | D:5      | Found a radiant altar of Vehumet.
  3830 | D:5      | Found a basalt altar of Yredelemnul.
  3910 | D:5      | Found a staircase to the Ecumenical Temple.
  4143 | D:6      | Reached skill level 6 in Axes
  4305 | D:6      | Found Laitsuef's Armour Boutique.
  4320 | D:6      | Reached XP level 9. HP: 62/68 MP: 9/12
  4445 | D:6      | You fall through a shaft for 3 floors!
  4646 | D:9      | Noticed a two-headed ogre
  4656 | D:9      | Killed a two-headed ogre
  4656 | D:9      | Reached * piety under Okawaru
  4656 | D:9      | Reached ** piety under Okawaru
  4656 | D:9      | Reached skill level 7 in Axes
  4656 | D:9      | Reached skill level 5 in Evocations
  4977 | D:8      | Noticed Hasart's ghost (novice OpFi)
  4991 | D:8      | Killed Hasart's ghost
  4991 | D:8      | Reached skill level 1 in Invocations
  4991 | D:8      | Reached XP level 10. HP: 56/77 MP: 12/14
  5413 | D:8      | Found a staircase to the Lair.
  5418 | D:8      | Noticed a two-headed ogre
  5426 | D:8      | Killed a two-headed ogre
  5426 | D:8      | Reached skill level 8 in Axes
  5586 | D:7      | Found Tecuel's Armour Shop.
  5825 | D:7      | Found Pyntoum's General Store.
  5828 | D:7      | Found Dubo's Gadget Shoppe.
  5833 | D:7      | Bought a +3 broad axe of chopping for 276 gold pieces
  5969 | D:7      | Found Nuar's Antique Armour Shoppe.
  5975 | D:7      | Reached *** piety under Okawaru
  5997 | D:7      | Found a glowing golden altar of the Shining One.
  6020 | D:7      | Found a deep blue altar of Sif Muna.
  6869 | D:8      | Identified the Handbook of the Creative Voyage
  7480 | D:10     | Entered Level 10 of the Dungeon
  7527 | D:10     | Noticed a centaur warrior
  7535 | D:10     | Killed a centaur warrior
  7535 | D:10     | Reached skill level 9 in Axes
  7535 | D:10     | Reached XP level 11. HP: 44/84 MP: 6/15
  7709 | D:10     | Noticed a two-headed ogre
  7719 | D:10     | Killed a two-headed ogre
  7719 | D:10     | Reached **** piety under Okawaru
  7897 | D:10     | Noticed a two-headed ogre
  7905 | D:10     | Killed a two-headed ogre
  7906 | D:10     | Noticed Erolcha
  7910 | D:10     | Killed Erolcha
  7910 | D:10     | Reached skill level 5 in Invocations
  7914 | D:10     | Gained mutation: Your muscles are strong. (Str +2) [potion of mutation]
  7914 | D:10     | Gained mutation: You have large cloven feet. [potion of mutation]
  7914 | D:10     | Gained mutation: Your flesh is heat resistant. (rF+) [potion of mutation]
  7929 | D:10     | Identified a scroll of acquirement
  8007 | D:10     | Noticed a catoblepas
  8018 | D:10     | Killed a catoblepas
  8055 | D:10     | Reached ***** piety under Okawaru
  8183 | D:10     | Found Xestuc's Assorted Antiques.
  8191 | D:10     | Reached skill level 10 in Axes
  8219 | D:10     | Found a staircase to the Orcish Mines.
  8281 | D:10     | Noticed Josephine
  8298 | D:10     | Killed Josephine
  8452 | D:10     | Reached XP level 12. HP: 92/94 MP: 17/17
  8626 | D:11     | Noticed an unseen horror
  8629 | D:11     | Gained mutation: You are clumsy. (Dex -2) [a neqoxec]
  8633 | D:11     | Killed an unseen horror
  8633 | D:11     | Received a gift from Okawaru
  8634 | D:11     | Reached skill level 10 in Shields
  8638 | D:11     | Got an iridescent broad axe {god gift}
  8639 | D:11     | Identified the +8 broad axe "Sikli" {chop, rElec rF- Dex+8 Stlth+} (Okawaru gifted it to you on level 11 of the Dungeon)
  8766 | D:11     | Noticed barbarian's ghost (journeyman MiFi)
  8778 | D:11     | Killed barbarian's ghost
  8925 | D:11     | Noticed an eight-headed hydra
  9024 | Lair:1   | Entered Level 1 of the Lair of Beasts
  9084 | Lair:1   | Noticed a five-headed hydra
  9101 | Lair:1   | Killed a five-headed hydra
  9101 | Lair:1   | Received a gift from Okawaru
  9101 | Lair:1   | Reached skill level 11 in Axes
 10024 | Lair:2   | Learned a level 1 spell: Apportation
 10141 | Lair:2   | Reached ****** piety under Okawaru
 10141 | Lair:2   | Received a gift from Okawaru
 10142 | Lair:2   | Reached XP level 13. HP: 64/101 MP: 13/19
 10205 | Lair:2   | Got a polished battleaxe {god gift}
 10206 | Lair:2   | Identified the +7 battleaxe "Noillu" {chop, +Inv rF+ Stlth-} (Okawaru gifted it to you on level 2 of the Lair of Beasts)
 10464 | Lair:2   | Got a jewelled ring mail
 10465 | Lair:2   | Identified the +4 ring mail "Cod Lazi" {+Blink rElec Str+3} (You found it on level 2 of the Lair of Beasts)
 11193 | Lair:3   | Found a staircase to the Shoals.
 11195 | Lair:3   | Noticed Fannar
 11210 | Lair:3   | Killed Fannar
 11375 | Lair:3   | Reached skill level 10 in Armour
 11416 | Lair:3   | Received a gift from Okawaru
 11759 | Lair:3   | Noticed a seven-headed hydra
 11769 | Lair:3   | Killed a seven-headed hydra
 11769 | Lair:3   | Reached skill level 10 in Fighting
 12020 | Lair:3   | Reached skill level 12 in Axes
 12203 | Lair:4   | Noticed Nergalle
 12215 | Lair:4   | Killed Nergalle
 12277 | Lair:4   | Reached XP level 14. HP: 23/110 MP: 3/21
 12861 | Lair:4   | Found a staircase to the Snake Pit.
 13143 | Lair:5   | Received a gift from Okawaru
 13151 | Lair:5   | Reached skill level 10 in Evocations
 13564 | Lair:5   | Received a gift from Okawaru
 13949 | Lair:5   | Found a staircase to the Slime Pits.
 14940 | Lair:6   | Entered Level 6 of the Lair of Beasts
 15196 | Lair:6   | Reached skill level 13 in Axes
 15420 | Lair:6   | Received a gift from Okawaru
 15644 | Lair:6   | Noticed a dire elephant
 15656 | Lair:6   | Killed a dire elephant
 15985 | Lair:6   | Noticed Kirke
 16378 | Lair:6   | Reached XP level 15. HP: 107/118 MP: 20/23
 16600 | Lair:6   | Received a gift from Okawaru
 16648 | Lair:6   | Got a transparent robe {god gift}
 16668 | Lair:6   | Identified the +0 robe "Zozakh" {Regen+ Stlth+} (Okawaru gifted it to you on level 6 of the Lair of Beasts)
 16858 | Lair:6   | Killed Kirke
 16858 | Lair:6   | Reached skill level 10 in Invocations
 17031 | Lair:6   | Found a runed door.
 17862 | Lair:6   | Reached skill level 14 in Axes
 18202 | D:7      | Bought a fan of gales for 440 gold pieces
 18223 | D:7      | Bought a pair of glowing boots for 232 gold pieces
 18223 | D:7      | Bought a distressingly furry scale mail for 279 gold pieces
 18234 | D:7      | Identified the +4 scale mail of Instinct {rF+} (You bought it in a shop on level 7 of the Dungeon)
 18673 | D:11     | Found a hide-covered altar of Uskayaw.
 18714 | D:11     | Noticed Urug
 18720 | D:11     | Killed Urug
 19198 | D:12     | Received a gift from Okawaru
 20482 | D:14     | Found a gate to the Vaults.
 20482 | D:14     | Noticed Nessos
 20914 | D:13     | Reached XP level 16. HP: 78/127 MP: 12/24
 22144 | D:14     | Killed Nessos
 22198 | D:14     | Received a gift from Okawaru
 22445 | D:15     | Entered Level 15 of the Dungeon
 22995 | D:15     | Found a hazy altar of Hepliaklqana.
 23146 | D:15     | Reached skill level 15 in Axes
 23242 | D:15     | Found Tiuvve's Armour Shoppe.
 23639 | D:15     | Received a gift from Okawaru
 23666 | D:15     | Got a dazzling ring mail {god gift}
 23667 | D:15     | Identified the +3 ring mail of the Princeling {rPois rF- rN++ Stlth+} (Okawaru gifted it to you on level 15 of the Dungeon)
 24243 | Orc:1    | Entered Level 1 of the Orcish Mines
 24261 | Orc:1    | Found Engas's Antique Weapon Emporium.
 24401 | Orc:2    | Entered Level 2 of the Orcish Mines
 24409 | Orc:2    | Found Sibles's Jewellery Boutique.
 25016 | Orc:2    | Found Musibiom's Jewellery Emporium.
 25029 | Orc:2    | Found Riurec's Weapon Shop.
 25031 | Orc:2    | Found Vuuqoegh's General Store.
 25037 | Orc:2    | Reached XP level 17. HP: 86/135 MP: 20/26
 25069 | Orc:2    | Noticed tof's ghost (journeyman MiGl)
 25134 | Orc:1    | Gained mutation: Your magical capacity is low. (-10% MP) [mutagenic glow]
 25376 | Orc:2    | Killed tof's ghost
 25385 | Orc:2    | Lost mutation: Your muscles are strong. (Str +2) [potion of mutation]
 25385 | Orc:2    | Lost mutation: You are clumsy. (Dex -2) [potion of mutation]
 25385 | Orc:2    | Gained mutation: Your muscles are strong. (Str +2) [potion of mutation]
 25385 | Orc:2    | Gained mutation: You passively map a small area around you. [potion of mutation]
 25656 | Orc:2    | Found a burning altar of Makhleb.
 25768 | Orc:2    | Found a staircase to the Elven Halls.
 25901 | Orc:2    | Noticed Rupert
 25913 | Orc:2    | Killed Rupert
 26895 | Shoals:1 | Entered Level 1 of the Shoals
 27336 | Shoals:1 | Received a gift from Okawaru
 27890 | Shoals:1 | Reached skill level 16 in Axes
 29381 | Snake:1  | Entered Level 1 of the Snake Pit
 29877 | Snake:1  | Reached skill level 1 in Dodging
 29965 | Snake:1  | Received a gift from Okawaru
 30490 | Snake:1  | HP: 6/137 [poisoned by a black mamba]
 30495 | Snake:1  | HP: 5/137 [poisoned by a black mamba]
 30500 | Snake:1  | HP: 4/137 [poisoned by a black mamba]
 30507 | Snake:1  | HP: 4/137 [poisoned by a black mamba]
 30515 | Snake:1  | HP: 5/137 [poisoned by a black mamba]
 31815 | Snake:3  | Found Ogis's Assorted Antiques.
 31816 | Snake:3  | Noticed Aizul
 31827 | Snake:3  | Killed Aizul
 31827 | Snake:3  | Reached XP level 18. HP: 128/144 MP: 18/25
 32458 | Snake:4  | Entered Level 4 of the Snake Pit
 32577 | Snake:4  | Found Vaxedd's Jewellery Emporium.
 32585 | Snake:4  | Bought a +2 amulet of reflection for 105 gold pieces
 32711 | Snake:4  | Reached skill level 15 in Shields
 33074 | Snake:4  | Received a gift from Okawaru
 33103 | Snake:4  | Got a bound turquoise ring
 33106 | Snake:4  | Identified the ring "Jyicomai" {Ice *Contam +Blink MR++ Dex+2} (You found it on level 4 of the Snake Pit)
 33398 | Snake:4  | Reached skill level 17 in Axes
 33790 | Snake:4  | Received a gift from Okawaru
 33793 | Snake:4  | Got a faintly glowing cloak {god gift}
 33824 | Snake:4  | Identified the +0 cloak of Servitude {rF+ Regen+ Int-5} (Okawaru gifted it to you on level 4 of the Snake Pit)
 34000 | Snake:4  | Got a serpentine rune of Zot
 34357 | Elf:1    | Entered Level 1 of the Elven Halls
 34409 | Elf:1    | Found a deep blue altar of Sif Muna.
 34535 | Elf:1    | Reached XP level 19. HP: 152/152 MP: 22/25
 34613 | Elf:1    | Reached skill level 5 in Dodging
 35330 | Elf:2    | Found a runed gate.
 35330 | Elf:2    | Found a runed gate.
 35330 | Elf:2    | Found a runed gate.
 35480 | Elf:2    | Noticed a deep elf blademaster
 35486 | Elf:2    | Killed a deep elf blademaster
 35486 | Elf:2    | Received a gift from Okawaru
 35826 | Elf:2    | HP: 6/153 [glaive of freezing (4)]
 36324 | Elf:2    | Reached skill level 18 in Axes
 36404 | Elf:2    | Reached skill level 15 in Armour
 36530 | Elf:3    | Entered Level 3 of the Elven Halls
 36586 | Elf:3    | Received a gift from Okawaru
 36605 | Elf:3    | Got a fine scarf {god gift}
 36606 | Elf:3    | Identified the scarf of Analysis {Str+3} (Okawaru gifted it to you on level 3 of the Elven Halls)
 36627 | Elf:3    | Found Nostreqo's Assorted Antiques.
 36708 | Elf:3    | Cast into level 2 of the Abyss (a deep elf sorcerer)
 36795 | Abyss:2  | Noticed a lich
 36808 | Elf:3    | Escaped the Abyss
 37214 | D:15     | Found a staircase to the Depths.
 37427 | Depths:1 | Entered Level 1 of the Depths
 37427 | Depths:1 | Noticed a juggernaut
 37445 | Depths:1 | Killed a juggernaut
 37445 | Depths:1 | Reached XP level 20. HP: 161/161 MP: 21/26
 37537 | Depths:1 | Found a gateway to a ziggurat.
 37602 | Depths:1 | Found a gateway to Hell.
 37751 | Depths:1 | Noticed Mara
 37759 | Depths:1 | Noticed Hasart's illusion
 37759 | Depths:1 | Killed Mara
 37759 | Depths:1 | Reached skill level 15 in Fighting
 37817 | Depths:1 | Received a gift from Okawaru
 37842 | Depths:1 | Found Paohetiu's Magic Scroll Shoppe.
 38979 | Depths:1 | Reached skill level 19 in Axes
 39684 | Depths:1 | Reached XP level 21. HP: 16/169 MP: 2/27
 39793 | Depths:1 | Received a gift from Okawaru
 39797 | Depths:1 | Got an ancient plate armour {god gift}
 39798 | Depths:1 | Identified the +11 plate armour of Shadows and Fog {rPois Int+4} (Okawaru gifted it to you on level 1 of the Depths)
 40608 | Depths:2 | Found a runed door.
 40804 | Depths:2 | Cast into level 3 of the Abyss (a lich)
 40886 | Abyss:3  | Reached skill level 1 in Spellcasting
 40926 | Depths:2 | Escaped the Abyss
 40952 | Depths:2 | Reached skill level 1 in Translocations
 41085 | Depths:2 | Noticed a caustic shrike
 41087 | Depths:2 | Noticed an iron giant
 41087 | Depths:2 | a caustic shrike changed into an iron giant
 41088 | Depths:2 | Noticed a juggernaut
 41097 | Depths:2 | Killed an iron giant
 41108 | Depths:2 | Killed a juggernaut
 41267 | Depths:2 | Received a gift from Okawaru
 41272 | Depths:2 | Got a pitted large shield {god gift}
 41300 | Depths:2 | Identified the -7 large shield "Zehur" {rN+} (Okawaru gifted it to you on level 2 of the Depths)
 41959 | Depths:2 | Reached skill level 1 in Maces & Flails
 42073 | Depths:2 | HP: 8/170 [shadow dragon (illusionary)/bolt of negative energy (21)]
 42075 | Depths:2 | Killed from afar by a shadow dragon (illusionary)

Skill      XL: |  1  2  3  4  5  6  7  8  9 10 11 12 13 14 15 16 17 18 19 20 21 |
---------------+----------------------------------------------------------------+-----
Shields        | 4 5 6 7 8 9 10 11 12 13 14 15 16 17 | 17.5
Axes           | 3 4 5 6 7 9 10 11 12 13 14 15 16 17 18 19 | 19.6
Fighting       | 4 5 6 7 8 9 10 11 12 13 14 15 | 15.9
Evocations     | 1 2 4 5 6 7 8 9 10 11 12 13 | 13.0
Armour         | 4 5 6 7 8 9 10 11 12 13 14 15 16 | 16.3
Invocations    | 1 4 5 7 8 9 10 | 10.0
Dodging        | 2 4 6 8 |  8.8
Spellcasting   | 2 |  2.5
Translocations | 2 |  2.5
Maces & Flails | 1 |  1.4

Action                   |  1- 3 |  4- 6 |  7- 9 | 10-12 | 13-15 | 16-18 | 19-21 || total
-------------------------+-------+-------+-------+-------+-------+-------+-------++-------
Melee: War axe           |    92 |   152 |    70 |       |       |       |       ||   314
       Flail             |       |       |   117 |    54 |    38 |       |       ||   209
       Broad axe         |       |       |       |   263 |    10 |       |       ||   273
       Battleaxe         |       |       |       |       |   723 |   288 |       ||  1011
       Unarmed           |       |       |       |       |     2 |       |       ||     2
       Executioner's axe |       |       |       |       |       |   778 |  1047 ||  1825
       Eveningstar       |       |       |       |       |       |    23 |       ||    23
Invok: Heroism           |       |       |       |       |     1 |     2 |     6 ||     9
       Finesse           |       |       |       |       |       |     2 |       ||     2
 Abil: Evoke Invisibilit |       |       |       |       |     2 |     6 |       ||     8
       Dig               |       |       |       |       |       |       |     4 ||     4
Evoke: Wand              |       |       |       |     2 |    13 |       |     3 ||    18
  Use: Scroll            |       |       |       |    14 |     6 |    10 |     4 ||    34
       Potion            |       |       |       |    10 |     3 |     7 |     6 ||    26
 Stab: Paralysed         |       |       |       |       |    12 |       |       ||    12
       Invisible         |       |       |       |       |     2 |    21 |       ||    23
       Petrified         |       |       |       |       |     1 |       |       ||     1
       Distracted        |       |       |       |       |       |     1 |       ||     1
  Eat: Chunk             |       |     5 |     8 |    17 |    17 |    26 |    12 ||    85
       Bread ration      |       |       |       |       |     4 |     5 |     1 ||    10
       Meat ration       |       |       |       |       |       |     2 |     1 ||     3
       Royal jelly       |       |       |       |       |       |       |     2 ||     2
Armor: Scale mail        |    43 |    54 |    93 |   147 |     6 |       |       ||   343
       Ring mail         |       |       |       |       |   265 |   384 |   160 ||   809
       Plate armour      |       |       |       |       |       |       |   157 ||   157
Dodge: Dodged            |    33 |    55 |    41 |   130 |   260 |   407 |   241 ||  1167
Block: Shield            |    56 |    64 |   115 |   200 |   505 |   866 |       ||  1806
       Large shield      |       |       |       |       |       |    96 |  1136 ||  1232
       Reflection        |       |       |       |       |       |    36 |    96 ||   132
